 Dungeon Crawl Stone Soup version 0.29-a0-284-gf9362112df (webtiles) character file.

Game seed: 14291146996635545479

3327 sokol815 the Cardsharp (level 9, -5/63 HPs)
             Began as a Demonspawn Monk on Mar 27, 2022.
             Was a High Priest of Nemelex Xobeh.
             Slain by a hornet (7 damage)
             ... on level 9 of the Dungeon.
             The game lasted 00:21:42 (9761 turns).

sokol815 the Cardsharp (Demonspawn Monk)            Turns: 9761, Time: 00:21:43

Health: -5/63      AC: 11    Str: 17    XL:     9   Next: 71%
Magic:  9/10       EV: 12    Int: 26    God:    Nemelex Xobeh [*****.]
Gold:   408        SH:  0    Dex: 24    Spells: 8/8 levels left

rFire   + . .      SeeInvis +   a - +1 hand axe
rCold   x . .      Faith    .   (no shield)
rNeg    . . .      Spirit   .   e - +1 ring mail of Bedevilment {rF+ rC- Int+2 Dex+4 SInv}
rPois   .          Reflect  .   D - +0 hat
rElec   .          Harm     .   k - +2 cloak
rCorr   .          Rampage  .   w - +0 pair of gloves
Will    .....                   (no boots)
Stlth   ++........              (no amulet)
HPRegen 0.20/turn               I - +6 ring of intelligence
MPRegen 0.12/turn               u - ring "Westraaco" {MP-9 Str+6 Int+2 Dex+4}

@: elixired
A: antennae 2, demonic guardian 1, sharp scales 1
a: Renounce Religion, Draw Escape, Draw Destruction, Draw Summoning, Triple
Draw, Deal Four, Stack Five


You were on level 9 of the Dungeon.
You worshipped Nemelex Xobeh.
Nemelex Xobeh was extremely pleased with you.
You visited 1 branch of the dungeon, and saw 9 of its levels.

You collected 408 gold pieces.

Inventory:

Hand Weapons
 a - a +1 hand axe (weapon)
 h - a +5 short sword
   (You took it off a wight on level 6 of the Dungeon)
Missiles
 n - 34 poisoned darts
 o - 7 curare-tipped darts
 r - 4 throwing nets {!d}
 s - 281 stones
 v - 9 javelins
 y - 4 boomerangs
Armour
 c - a +0 robe of fire resistance
   (You took it off Sigmund on level 2 of the Dungeon)
 e - the +1 ring mail of Bedevilment (worn) {rF+ rC- Int+2 Dex+4 SInv}
   (You found it on level 2 of the Dungeon)

   Int:       It affects your intelligence (+2).
   Dex:       It affects your dexterity (+4).
   rF:        It protects you from fire.
   rC:        It makes you vulnerable to cold.
   SInv:      It lets you see invisible.
 f - a +0 scale mail
   (You found it on level 1 of the Dungeon)
 k - a +2 cloak (worn)
   (You found it on level 2 of the Dungeon)
 t - an orb of guile
   (You found it on level 4 of the Dungeon)
 w - a +0 pair of gloves (worn)
   (You found it on level 5 of the Dungeon)
 D - a +0 hat (worn)
   (You found it on level 8 of the Dungeon)
Magical Staves
 b - a staff of earth
   (You found it on level 2 of the Dungeon)
 z - a staff of cold {rC+}
   (You found it on level 6 of the Dungeon)
Jewellery
 u - the ring "Westraaco" (right hand) {MP-9 Str+6 Int+2 Dex+4}
   (You found it on level 4 of the Dungeon)

   [ring of strength]

   Str:       It affects your strength (+6).
   Int:       It affects your intelligence (+2).
   Dex:       It affects your dexterity (+4).
   MP:        It affects your magic capacity (-9).
 F - a ring of flight {+Fly, !d}
   (You found it on level 9 of the Dungeon)
 I - a +6 ring of intelligence (left hand)
   (You found it on level 1 of the Dungeon)
 X - a ring of resist corrosion
   (You took it off a kobold on level 4 of the Dungeon)
Wands
 i - a wand of iceblast (6)
   (You found it on level 8 of the Dungeon)
 j - a wand of polymorph (1)
   (You took it off a centaur on level 8 of the Dungeon)
 q - a wand of flame (34)
   (You took it off Grinder on level 5 of the Dungeon)
Scrolls
 l - 3 scrolls of fog
 p - a scroll of enchant armour
 x - 3 scrolls of enchant weapon
 O - a scroll of silence
 Y - 2 scrolls of teleportation {@r3}
Potions
 d - a potion of cancellation
 g - a potion of heal wounds {unknown}
 m - a potion of lignification {unknown}
 A - a potion of flight {unknown}
 B - 2 potions of brilliance
 C - a potion of attraction {unknown}
 E - a potion of invisibility {unknown}
 G - a potion of ambrosia {!q}
 J - 3 potions of curing {@q1}
 T - 2 potions of berserk rage {!q}
 U - 2 potions of mutation {!q}


   Skills:
 - Level 3.0 Fighting
 + Level 8.2 Axes
 - Level 2.6 Dodging
 - Level 1.7 Stealth
 * Level 14.0 Invocations


You had 8 spell levels left.
You didn't know any spells.
Your spell library contained the following spells:

 Spells                   Type           Power      Damage    Failure   Level
 Summon Small Mammal      Summ           0%         N/A       24%         1
 Static Discharge         Conj/Air       0%         N/A       34%         2
 Call Canine Familiar     Summ           0%         N/A       56%         3
 Gell's Gravitas          Tloc           0%         N/A       56%         3
 Summon Guardian Golem    Hex/Summ       0%         N/A       56%         3
 Teleport Other           Tloc           0%         N/A       56%         3
 Dispel Undead            Necr           0%         3d6       93%         4
 Sticky Flame             Conj/Fire      0%         2d3       93%         4
 Dispersal                Tloc           0%         N/A       100%        6


Dungeon Overview and Level Annotations

Branches:
Dungeon (9/15)             Temple (0/1) D:6
   Lair: D:8-11         Orc: D:9-12

Altars:
Ashenzari
Dithmenos
Kikubaaqudgha
Makhleb
Nemelex Xobeh
Qazlal
Ru
Trog
Wu Jian
Xom
The Shining One

Shops:
D:3 (

Annotations:
D:3 1 runed translucent door, sammy202020's ghost, amateur GrBe


Innate Abilities, Weirdness & Mutations

You have a pair of antennae on your head.
A weak demonic guardian rushes to your aid.
You are partially covered in razor-sharp scales. (AC +1, Slay +1)


Message History

An orc comes into view. It is wielding a +0 flail.
You barely miss the orc wizard.
The orc shouts!
You hit the orc wizard.
You hit the orc priest but do no damage.
An orc priest comes into view. It is wielding a +0 dagger.
The orc priest closely misses you.
You closely miss the orc wizard.
The orc priest shouts!
You hit the orc. You hit the orc priest.
The orc wizard hits you with a +0 dagger.
The orc priest barely misses you. The orc misses you.
You take 3 damage, and have 49/63 hp.
You hit the orc.
You kill the orc!
You hit the orc priest. You hit the orc wizard.
The orc wizard completely misses you.
You hit the orc priest. You hit the orc wizard.
The orc priest calls upon Beogh to heal the orc wizard.
The orc wizard is healed somewhat.
The orc wizard barely misses you.
You hit the orc priest. You barely miss the orc wizard.
The orc priest miscasts a cantrip.
The orc wizard gestures wildly while chanting.
The orc wizard flickers and vanishes for a moment.
You hit the orc priest.
You kill the orc priest!
You closely miss the orc wizard.
The orc wizard hits you but does no damage.
An orc priest comes into view. It is wielding a +0 club.
Your Invocations skill increases to level 14!
You closely miss the orc wizard. You hit the orc.
The orc wizard gestures at you while chanting.
You are confused.
An orc warrior comes into view. It is wielding a +0 hand axe.
You barely miss the orc priest.
The orc warrior shouts!
You hit the orc wizard. You barely miss the orc.
The orc hits you with a +0 flail. The orc priest closely misses you.
The orc wizard hits you but does no damage.
You take 3 damage, and have 47/63 hp.
An orc comes into view.
It is wielding a +1 short sword of freezing.
Found a robe.
Found an escape hatch in the floor.
The orc priest closely misses you.
The orc wizard points at you and mumbles some strange words.
The magic dart hits you but does no damage.
You see here a +0 dagger.
You hit the orc wizard but do no damage.
You slash the orc!
You kill the orc!
You hit the orc priest.
A hornet comes into view.
The hornet buzzes angrily.
The orc priest invokes the aid of Beogh against you.
Beogh smites you! The orc wizard closely misses you.
You take 15 damage, and have 33/63 hp.
MASSIVE DAMAGE!!
You enter the shallow water.
Moving in this stuff is going to be slow.
The orc priest mumbles some strange prayers to Beogh against you.
Beogh smites you! The orc wizard casts a spell at you.
The puff of flame misses you.
You take 13 damage, and have 20/63 hp.
MASSIVE DAMAGE!!
You feel less confused.
The orc priest hits you but does no damage.
The orc wizard gestures at you while chanting.
The puff of flame misses you.
The orc warrior hits you with a +0 hand axe!
* * * LOW HITPOINT WARNING * * *
The orc priest hits you but does no damage.
You take 6 damage, and have 14/63 hp.
You draw a card...
You have drawn the Swarm.
The orc priest barely misses you.
The orc warrior hits you with a +0 hand axe!
* * * LOW HITPOINT WARNING * * *
A demonic guardian appears!
The orc warrior completely misses your killer bee.
The orc wizard barely misses you.
The orc hits your killer bee but does no damage.
The orc priest splashes around in the water.
You take 8 damage, and have 6/63 hp.
You draw... (choose one card, ? for their descriptions)
a - the Tomb
b - the Elixir c - Exile You have drawn the Elixir.
You begin rapidly regenerating health and magic.
The hornet barely misses you.
Your killer bee barely misses the orc priest.
Your killer bee closely misses the orc warrior.
The orc wizard closely misses you. The orc priest closely misses you.
The orc warrior hits you with a +0 hand axe!
* * * LOW HITPOINT WARNING * * *
The orc warrior hits your killer bee with a +0 hand axe.
The orc misses your killer bee.
The orc priest hits you but does no damage.
Your killer bee stings the orc priest but does no damage.
The hornet stings you!
You die...
Your body disappears without a glow.

#... #.# #..$ ... ...
##...##.####...^
......[....#....
#..............
#..§.§.........
#..§§§.§.....[>
#..≈y5§y........# .
#...§o@o..#.#+#.# ..
#..§.yoo..# #.#.# ...
#....o.)).+ #.#.####...
...#.......###.#........
## #.#####.....#........
#$#########.#........
#...........#........
#########.#.#######
#......###


You could see a hornet, an orc warrior (ally target), 2 orc priests, an orc
wizard (invisible), an orc, 2 friendly killer bees and a friendly iron imp
(summoned).

Vanquished Creatures
  Grinder (D:5)
  Sigmund (D:2)
  A steam dragon (D:7)
  A water moccasin (D:7)
  An ice beast (D:7)
  A wolf (D:7)
  4 centaurs
  2 phantoms
  A bullfrog (D:7)
  2 kobold brigands
  A necrophage (D:6)
  A scorpion (D:6)
  9 wights
  A crimson imp (D:3)
  3 hounds
  6 jellies
  2 orc priests
  4 iguanas
  2 orc wizards
  3 adders
  3 gnolls (D:2)
  A white imp (D:7)
  An ufetubus (D:7)
  A worm (D:3)
  4 dart slugs (D:1)
  15 orcs
  8 ball pythons
  4 bats
  5 giant cockroaches
  6 hobgoblins
  7 quokkas
  2 frilled lizards (D:1)
  4 goblins
  20 kobolds
  5 rats
133 creatures vanquished.

Vanquished Creatures (collateral kills)
  An orc warrior (D:8)
  A bullfrog (D:7)
  A gnoll sergeant (D:8)
  A necrophage (D:5)
  A scorpion (D:5)
  3 wights (D:8)
  An orc priest (D:8)
  3 gnolls (D:8)
  A white imp (D:8)
  An orc (D:8)
14 creatures vanquished.

Vanquished Creatures (others)
  A bullfrog (D:7)
  A bat (D:2)
  7 plants (D:8)
9 creatures vanquished.

Grand Total: 156 creatures vanquished

Notes
Turn   | Place    | Note
-------+----------+-------------------------------------------
     0 | D:1      | sokol815 the Demonspawn Monk began the quest for the Orb.
     0 | D:1      | Reached XP level 1. HP: 18/18 MP: 1/1
   109 | D:1      | Reached skill level 3 in Axes
   248 | D:1      | Gained mutation: You are partially covered in razor-sharp
                  | scales. (AC +1, Slay +1) [demonic ancestry]
   248 | D:1      | Reached XP level 2. HP: 24/24 MP: 2/2
   436 | D:1      | Found a faded altar of an unknown god.
   442 | D:1      | Prayed at the altar of an unknown god.
   442 | D:1      | Became a worshipper of Nemelex Xobeh the Trickster
   442 | D:1      | Reached * piety under Nemelex Xobeh
   442 | D:1      | Received a gift from Nemelex Xobeh
   442 | D:1      | Reached ** piety under Nemelex Xobeh
   442 | D:1      | Received a gift from Nemelex Xobeh
   699 | D:1      | Reached *** piety under Nemelex Xobeh
   734 | D:1      | Reached XP level 3. HP: 29/29 MP: 3/3
   805 | D:1      | Received a gift from Nemelex Xobeh
   810 | D:1      | Reached skill level 1 in Invocations
  1080 | D:2      | Found an ornate altar of the Wu Jian Council.
  1306 | D:2      | Identified the +1 ring mail of Bedevilment {rF+ rC- Int+2
                  | Dex+4 SInv}
  1553 | D:2      | Received a gift from Nemelex Xobeh
  1662 | D:2      | Reached skill level 2 in Invocations
  1664 | D:2      | Reached skill level 4 in Axes
  1670 | D:2      | Reached XP level 4. HP: 35/35 MP: 4/6
  1763 | D:2      | Noticed Sigmund
  1781 | D:2      | Killed Sigmund
  1782 | D:2      | Reached skill level 5 in Invocations
  1782 | D:2      | Reached XP level 5. HP: 26/41 MP: 6/8
  2184 | D:3      | Found a runed translucent door.
  2251 | D:3      | Reached XP level 6. HP: 45/47 MP: 10/10
  2288 | D:3      | Reached **** piety under Nemelex Xobeh
  2684 | D:3      | Received a gift from Nemelex Xobeh
  3010 | D:3      | Found Yphat's Weapon Shop.
  3087 | D:3      | Found a shimmering altar of Xom.
  3087 | D:3      | Found a burning altar of Makhleb.
  3099 | D:3      | Reached skill level 6 in Invocations
  3348 | D:3      | Noticed sammy202020's ghost (amateur GrBe)
  3542 | D:4      | Identified the ring "Westraaco" {MP-9 Str+6 Int+2 Dex+4}
  3569 | D:4      | Reached skill level 5 in Axes
  3925 | D:4      | Reached skill level 7 in Invocations
  3932 | D:4      | Gained mutation: A weak demonic guardian rushes to your
                  | aid. [demonic ancestry]
  3932 | D:4      | Reached XP level 7. HP: 47/52 MP: 3/12
  4374 | D:5      | Entered Level 5 of the Dungeon
  4401 | D:5      | HP: 12/52 [iguana (8)]
  4705 | D:5      | Received a gift from Nemelex Xobeh
  5101 | D:5      | Found an ornate altar of the Wu Jian Council.
  5101 | D:5      | Reached ***** piety under Nemelex Xobeh
  5102 | D:5      | Noticed Grinder
  5104 | D:5      | Paralysed by Grinder for 2 turns
  5105 | D:5      | Killed Grinder
  5106 | D:5      | Reached skill level 8 in Invocations
  5161 | D:5      | Reached skill level 9 in Invocations
  5169 | D:5      | Reached skill level 6 in Axes
  5169 | D:5      | Gained mutation: You have a pair of small antennae on your
                  | head. [demonic ancestry]
  5169 | D:5      | Reached XP level 8. HP: 45/58 MP: 4/15
  5752 | D:6      | Received a gift from Nemelex Xobeh
  5947 | D:6      | Reached skill level 10 in Invocations
  6055 | D:6      | Found a shadowy altar of Dithmenos.
  6459 | D:6      | Found a staircase to the Ecumenical Temple.
  6462 | D:6      | Identified the +4 ring mail "Labliapt" {Harm}
  6543 | D:6      | Received a gift from Nemelex Xobeh
  6565 | D:6      | Reached skill level 11 in Invocations
  6739 | D:6      | Found a bloodstained altar of Trog.
  6857 | D:7      | Found a broken altar of Ashenzari.
  6866 | D:7      | Reached skill level 7 in Axes
  6949 | D:7      | HP: 14/58 [acid (5)]
  6953 | D:7      | Gained mutation: You have a pair of antennae on your head.
                  | [demonic ancestry]
  6953 | D:7      | Reached XP level 9. HP: 9/63 MP: 8/17
  7370 | D:7      | Reached skill level 12 in Invocations
  7593 | D:7      | Received a gift from Nemelex Xobeh
  8616 | D:8      | Reached skill level 13 in Invocations
  8860 | D:8      | HP: 11/61 [wight/+0 spear (8)]
  8862 | D:8      | Found an ancient bone altar of Kikubaaqudgha.
  8866 | D:8      | Reached skill level 8 in Axes
  9427 | D:8      | Found a sacrificial altar of Ru.
  9431 | D:8      | Received a gift from Nemelex Xobeh
  9742 | D:9      | Found a stormy altar of Qazlal.
  9753 | D:9      | Reached skill level 14 in Invocations
  9759 | D:9      | HP: 14/63 [orc warrior/+0 hand axe (7)]
  9760 | D:9      | HP: 6/63 [orc warrior/+0 hand axe (8)]
  9761 | D:9      | HP: 2/63 [orc warrior/+0 hand axe (10)]
  9761 | D:9      | Slain by a hornet

Illustrated notes

Levels and vault maps discovered:
D:1:      saegor_arrival_fortress, layout_basic,
          dreamdust_ecumenical_altar_angels_and_demons
D:2:      layout_loops_corners, basic_altar, uniq_sigmund
D:3:      layout_basic, grunt_temple_overflow_champion_of_chaos, serial_shops,
          nicolae_shop_bloodbath_and_beyond, ebering_ghost_reflecting_pool,
          kennysheep_minor_cross
D:4:      layout_basic
D:5:      layout_basic, nzn_wu_jian_contemplation, uniq_grinder
D:6:      layout_basic, chequers_temple_overflow_statue_of_worship,
          mainiacjoe_overflow_small_starburst, minmay_temple_entry_glassed_door
D:7:      layout_gridville, overflow_temple_1_default
D:8:      layout_cave_pools, nicolae_kikubaaqudgha_miasma_corner,
          mainiacjoe_overflow_24_doors, serial_park_tiny_2,
          chequers_serial_rivers_micro_c, serial_bayou_crossing
D:9:      layout_basic, mainiacjoe_overflow_alcove_2,
          nicolae_qazlal_scattered_showers

Skill      XL: |  1  2  3  4  5  6  7  8  9 |
---------------+----------------------------+-----
Axes           | 3 4 5 6 7 8 |  8.2
Invocations    | 2 5 7 9 11 14 | 14.0
Fighting       | |  3.0
Dodging        | |  2.6
Stealth        | |  1.7

Action                   |  1- 3 |  4- 6 |  7- 9 || total
-------------------------+-------+-------+-------++-------
Melee: Hand axe          |    95 |   152 |   304 ||   551
       Punch             |       |     4 |     5 ||     9
Throw: Stone             |     5 |       |       ||     5
Invok: Draw Destruction  |     5 |     4 |    14 ||    23
       Draw Summoning    |       |       |     4 ||     4
       Triple Draw       |       |       |     1 ||     1
  Use: Scroll            |     3 |     4 |    11 ||    18
 Stab: Sleeping          |     3 |     4 |       ||     7
       Invisible         |       |     1 |       ||     1
Armor: Ring mail         |    24 |    63 |   155 ||   242
       Scale mail        |    24 |       |       ||    24
Dodge: Dodged            |    43 |    84 |   237 ||   364

Table legend: (Time is in decaauts)
 A = Elapsed time spent in this place.
 B = Non-inter-level travel time spent in this place.
 C = Inter-level travel time spent in this place.
 D = Time resting spent in this place.
 E = Time spent auto-exploring this place.
 F = Levels seen in this place.
 G = Mean time per level.
                   A        B        C        D        E       F      G
               +--------+--------+--------+--------+--------+-----+--------+
         Total |   9770 |   9481 |    289 |   1869 |   6316 |   9 | 1085.6 |
       Dungeon |   9770 |   9481 |    289 |   1869 |   6316 |   9 | 1085.6 |
               +--------+--------+--------+--------+--------+-----+--------+

Top non-repeatable levels by time:
     D:6: 1402 daAuts
     D:3: 1361 daAuts
     D:5: 1334 daAuts
     D:8: 1333 daAuts
     D:7: 1270 daAuts
     D:1: 1087 daAuts
     D:2: 1087 daAuts
     D:4: 844 daAuts
     D:9: 49 daAuts

Table legend:
 A = Kills in this place as a percentage of kills in entire the game.
 B = Kills by you in this place as a percentage of kills by you in the entire game.
 C = Kills by friends in this place as a percentage of kills by friends in the entire game.
 D = Other kills in this place as a percentage of other kills in the entire game.
 E = Experience gained in this place as a percentage of experience gained in the entire game.
 F = Experience gained in this place divided by the number of levels of this place that you have seen.
                   A       B       C       D       E      F
               +-------+-------+-------+-------+-------+----------------------
         Total | 100.0 | 100.0 | 100.0 | 100.0 | 100.0 | 528.2
       Dungeon | 100.0 | 100.0 | 100.0 | 100.0 | 100.0 | 528.2
               +-------+-------+-------+-------+-------+----------------------
